 Dungeon Crawl Stone Soup version 0.20.1-1-g8b1a95d (webtiles) character file.

725 Gremour the Slasher (level 7, -1/52 HPs)
             Began as a Demonspawn Fighter on Dec 1, 2017.
             Slain by a killer bee (4 damage)
             ... on level 5 of the Dungeon on Dec 2, 2017.
             The game lasted 00:17:46 (4177 turns).

Gremour the Slasher (Demonspawn Fighter)            Turns: 4177, Time: 00:17:46

Health: -1/52      AC:  8    Str: 16    XL:     7   Next: 43%
Magic:  7/7        EV:  6    Int:  9    God:
Gold:   263        SH:  9    Dex: 15    Spells: 6/6 levels left

rFire    . . .     SeeInvis .   a - +0 long sword
rCold    . . .     Gourm    .   c - +0 shield
rNeg     . . .     Faith    .   b - +0 scale mail
rPois    .         Spirit   .   (no helmet)
rElec    .         Reflect  .   (no cloak)
rCorr    .         Harm     .   v - +1 pair of gloves
MR       .....                  (no boots)
Stlth    ..........             (no amulet)
Regen    0.2/turn               (no ring)
MPRegen  0.1/turn               (no ring)

@: lethally poisoned (-1 -> -6), flying
A: hooves 2, demonic guardian 1
a: no special abilities


You were on level 5 of the Dungeon.
You were not hungry.

You visited 2 branches of the dungeon, and saw 6 of its levels.

You collected 263 gold pieces.

Inventory:

Hand Weapons
 a - a +0 long sword (weapon)
Armour
 b - a +0 scale mail (worn)
 c - a +0 shield (worn)
 v - a +1 pair of gloves (worn)
Wands
 u - a wand of polymorph (6/24)
 w - a wand of random effects (33/48)
Scrolls
 e - 4 scrolls of identify {unknown}
 h - a scroll of teleportation {unknown}
 i - a scroll of magic mapping {unknown}
 j - 2 scrolls of recharging {unknown}
 o - 3 scrolls of enchant armour {unknown}
 s - a scroll of blinking {unknown}
 t - 2 scrolls of remove curse {unknown}
 x - 2 scrolls of amnesia {unknown}
 y - a scroll of fear {unknown}
Potions
 d - a potion of magic {unknown}
 l - a potion of flight
 m - a potion of curing
 n - a potion of agility {unknown}
 p - 2 potions of resistance {unknown}
 r - a potion of mutation {unknown}
 A - a potion of might
Comestibles
 f - 6 bread rations
 g - a meat ration
 k - 9 fruits
 q - 2 royal jellies


   Skills:
 - Level 3.0 Fighting
 + Level 7.8 Long Blades
 - Level 2.6 Armour
 - Level 2.6 Shields


You had 6 spell levels left.
You didn't know any spells.

Dungeon Overview and Level Annotations

Branches:
Dungeon (5/15)             Temple (1/1) D:4

Altars:
Ashenzari
Cheibriados
Elyvilon
Fedhas
Gozag
Hepliaklqana
Makhleb
Nemelex Xobeh
Okawaru
Ru
Sif Muna
Trog
Uskayaw
Vehumet
Xom
Yredelemnul
Zin
The Shining One


Innate Abilities, Weirdness & Mutations

You have hoof-like feet.
A weak demonic guardian rushes to your aid.


Message History

Your iron imp dies!
The killer bee stings your white imp.
The killer bee closely misses your white imp.
The killer bee stings your white imp but does no damage.
Your white imp closely misses the killer bee.
The killer bee stings your white imp!
Your white imp dies!
You block the killer bee's attack. The killer bee stings you.
* * * LOW HITPOINT WARNING * * *
You are poisoned.
The killer bee poisons you!
You closely miss the killer bee.
The killer bee is severely wounded.
You feel sick. You block the killer bee's attack. x2
It was a potion of flight.
You feel very buoyant.
You fly up into the air.
You feel sick. The killer bee stings you.
* * * LOW HITPOINT WARNING * * *
The killer bee stings you.
You die...

#... #..# #..# #..# #..#
..#. # #..# ..#... ## #h.#
.......... ##########yy#
#....... . #).......@#.#
#..#...# #
#.#######.#.##..#..#...###
#.# #.#.##..#.........
#.#######.#.....#..#......
#...........##..#.......♣♣
#########...##..#..#...♣#
#...##..#......♣
#..###..#..#...♣#
######..........#....♣♣


You could see a hound and 2 killer bees.

Vanquished Creatures
  Grinder (D:3)
  Sigmund (D:3)
  A sky beast (D:5)
  A killer bee (D:5)
  An iguana (D:4)
  Ijyb (D:3)
  Terence (D:3)
  A worker ant (D:4)
  A hound skeleton (D:4)
  5 adders
  An ooze (D:2)
  2 adder skeletons (D:4)
  A worm (D:3)
  4 dart slugs
  7 leopard geckos
  9 orcs
  3 ball pythons
  A giant cockroach (D:3)
  2 goblins (D:1)
  4 hobgoblins
  3 kobolds
  A quokka (D:4)
  5 bats
  6 frilled lizards
  9 rats
72 creatures vanquished.

Vanquished Creatures (collateral kills)
  An orc wizard (D:4)
  2 orcs
  A hobgoblin (D:3)
  2 rats (D:3)
6 creatures vanquished.

Grand Total: 78 creatures vanquished

Notes
Turn   | Place    | Note
-------+----------+-------------------------------------------
     0 | D:1      | Gremour the Demonspawn Fighter began the quest for the Orb.
     0 | D:1      | Reached XP level 1. HP: 18/18 MP: 1/1
    49 | D:1      | Reached skill level 2 in Long Blades
   106 | D:1      | Gained mutation: A weak demonic guardian rushes to your aid. [demonic ancestry]
   106 | D:1      | Reached XP level 2. HP: 16/24 MP: 2/2
   340 | D:1      | Reached skill level 3 in Long Blades
   544 | D:2      | Reached XP level 3. HP: 25/29 MP: 3/3
   657 | D:2      | Found a bloodstained altar of Trog.
   945 | D:2      | Found a snail-covered altar of Cheibriados.
  1034 | D:2      | Found a hide-covered altar of Uskayaw.
  1346 | D:3      | Noticed Sigmund
  1358 | D:3      | Killed Sigmund
  1358 | D:3      | Reached skill level 5 in Long Blades
  1358 | D:3      | Reached XP level 4. HP: 25/35 MP: 4/4
  1358 | D:3      | Reached XP level 5. HP: 29/41 MP: 5/5
  1401 | D:3      | Noticed Terence
  1413 | D:3      | Killed Terence
  1482 | D:3      | Found a faded altar of an unknown god.
  1567 | D:3      | Noticed Grinder
  1569 | D:3      | Paralysed by Grinder for 4 turns
  1587 | D:3      | Killed Grinder
  1587 | D:3      | Reached skill level 6 in Long Blades
  1587 | D:3      | Gained mutation: You have large cloven feet. [demonic ancestry]
  1587 | D:3      | Reached XP level 6. HP: 39/47 MP: 6/6
  1938 | D:3      | Noticed Ijyb
  1960 | D:3      | Killed Ijyb
  2082 | D:4      | Found a staircase to the Ecumenical Temple.
  2087 | Temple   | Entered the Ecumenical Temple
  2679 | D:4      | Reached skill level 7 in Long Blades
  2679 | D:4      | Gained mutation: You have hoof-like feet. [demonic ancestry]
  2679 | D:4      | Reached XP level 7. HP: 12/52 MP: 7/7
  3731 | D:5      | Entered Level 5 of the Dungeon
  3731 | D:5      | Found an iron altar of Okawaru.
  4177 | D:5      | Slain by a killer bee

Skill      XL: |  1  2  3  4  5  6 |
---------------+-------------------+-----
Long Blades    | 2 3 5 6 7 |  7.8
Fighting       | |  3.0
Armour         | |  2.6
Shields        | |  2.6

Action                   |  1- 3 |  4- 6 |  7- 9 || total
-------------------------+-------+-------+-------++-------
Melee: Long sword        |   100 |    99 |    59 ||   258
       Kick              |       |    20 |    19 ||    39
  Use: Potion            |     1 |     4 |     2 ||     7
  Eat: Chunk             |     1 |     4 |     5 ||    10
       Fruit             |       |       |     1 ||     1
Armor: Scale mail        |    55 |    23 |    24 ||   102
Dodge: Dodged            |    25 |    27 |    11 ||    63
Block: Shield            |    39 |    41 |    26 ||   106
       Rpst.: Long sword |     3 |     7 |     4 ||    14
